WCHLSIM.com - West Coast Hockey League
html PUBLIC "-//W3C//DTD XHTML 1.0 Transitional//EN" "http://www.w3.org/TR/xhtml1/DTD/xhtml1-transitional.dtd"> WCHL - Game 203 - CALGARY FIREMEN vs KANSAS CITY KILLERBEES

CALGARY FIREMEN vs KANSAS CITY KILLERBEES

Created - 10 novembre 2023 at 21:10

Goals
1 2 3 T
CALGARY FIREMEN 2 0 1 3
KANSAS CITY KILLERBEES 1 0 1 2
Shots
1 2 3 T
CALGARY FIREMEN 18 12 10 40
KANSAS CITY KILLERBEES 7 8 8 23

1st period

1. KANSAS CITY KILLERBEES , Nicholas Paul 6 (James van Riemsdyk 1) at 5:03 (SH)
2. CALGARY FIREMEN , Brett Howden 2 (Olli Maatta 5, Fabian Zetterlund 1) at 6:10
3. CALGARY FIREMEN , Jake McCabe 1 (Filip Forsberg 2, Jakob Silfverberg 7) at 17:21

Penalties :
Jamie Oleksiak (CGY) for Roughing (Minor) at 0:29, Riley Stillman (KCK) for Roughing (Minor) at 3:26, Ryan Johansen (CGY) for Holding (Minor) at 7:50, Riley Stillman (KCK) for Tripping (Minor) at 10:04, Riley Stillman (KCK) for Roughing (Minor) at 12:07

2nd period

No Goal

Penalties :
Jacob Muzzin (KCK) for Roughing (Minor) at 7:07, Jordan Oesterle (CGY) for Roughing (Minor) at 19:42

3rd period

4. KANSAS CITY KILLERBEES , Tyler Johnson 4 (Nicholas Paul 5, K'Andre Miller 4) at 16:20
5. CALGARY FIREMEN , Sonny Milano 1 (Yakov Trenin 4) at 17:32

Penalties :
Philipp Kurashev (KCK) for Hooking (Minor) at 3:03, Nicolas Aube-Kubel (KCK) for Interference (Minor) at 12:39

Goalie Stats

Alex Nedeljkovic (CGY), 21 saves from 23 shots - (0,913), W, 4-7-1, 60:00 minutes
Ilya Samsonov (KCK), 37 saves from 40 shots - (0,925), L, 4-9-0, 59:09 minutes

Players Stats for CALGARY FIREMEN

Player Name              G  A  P  +/- PIM S  H  SB GA TA FO     MP     PP MP  PK MP  
------------------------------------------------------------------------------------
Brett Howden             1  0  1   1  0   2  0  0  0  0  6/7     6:49   0:00   1:00 
Colton White             0  0  0   1  0   0  3  1  0  0  0/0    13:51   0:00   1:07 
Fabian Zetterlund        0  1  1   1  0   1  0  0  0  0  0/0     5:49   0:00   0:00 
Filip Forsberg           0  1  1   1  0   1  3  0  0  0  6/32   23:59   6:29   3:41 
Jake McCabe              1  0  1   1  0   1  1  0  0  0  0/0    25:22   6:06   3:13 
Jakob Silfverberg        0  1  1   1  0   3  2  0  0  0  0/1    22:29   6:29   2:11 
Jamie Oleksiak           0  0  0   1  2   4  3  1  0  0  0/0    24:14   6:06   2:06 
Jordan Oesterle          0  0  0   1  2   0  0  1  0  0  0/0    12:43   0:00   0:00 
Liam Foudy               0  0  0   1  0   1  0  0  0  0  1/1    10:23   0:00   0:00 
Mason Marchment          0  0  0  -2  0   9  1  0  0  0  1/1    19:44   5:25   2:11 
Mattias Janmark-Nylen    0  0  0   1  0   2  0  0  0  0  0/1    20:36   6:29   0:18 
Michael McCarron         0  0  0   1  0   0  0  0  0  0  0/1     5:49   0:00   0:00 
Nikita Zadorov           0  0  0  -1  0   1  0  0  0  0  0/0    21:54   5:48   2:44 
Olli Maatta              0  1  1  -1  0   3  0  1  0  0  0/0    21:54   5:48   2:44 
Oskar Lindblom           0  0  0  -2  0   0  1  0  0  0  0/0    17:33   5:25   0:00 
Ryan Johansen            0  0  0  -2  2   5  1  0  0  0  22/31  20:05   5:25   2:33 
Sonny Milano             1  0  1   1  0   3  0  1  0  0  0/0    10:23   0:00   0:00 
Yakov Trenin             0  1  1   1  0   4  2  0  0  0  8/12   10:23   0:00   0:00 

Players Stats for KANSAS CITY KILLERBEES

Player Name              G  A  P  +/- PIM S  H  SB GA TA FO     MP     PP MP  PK MP  
------------------------------------------------------------------------------------
Alexis Lafreniere        0  0  0  -1  0   2  1  0  0  0  0/1    15:38   2:58   0:38 
Anders Bjork             0  0  0   0  0   0  0  0  0  0  0/0     5:58   0:00   0:00 
Boone Jenner             0  0  0   0  0   4  0  0  0  0  27/36  24:06   3:02   6:19 
Daniel Walcott           0  0  0  -1  0   0  3  2  0  0  0/0    11:45   0:00   0:23 
Jacob Muzzin             0  0  0  -1  2   0  2  2  0  0  0/0    22:21   3:02   4:32 
Jakub Voracek            0  0  0  -1  0   1  0  0  0  0  1/3    13:08   2:59   0:00 
James van Riemsdyk       0  1  1   1  0   3  0  0  0  0  4/10   22:37   3:02   5:11 
Jaret Anderson-Dolan     0  0  0   0  0   2  0  0  0  0  2/3     6:22   0:00   0:24 
K'Andre Miller           0  1  1   1  0   3  4  1  0  0  0/0    25:53   2:55   6:59 
Mattias Ekholm           0  0  0   1  0   1  2  0  0  0  0/0    25:29   2:55   6:59 
Morgan Barron            0  0  0  -1  0   1  0  0  0  0  4/11    9:48   0:00   0:00 
Nicholas Paul            1  1  2   0  0   3  1  0  0  0  0/0    20:08   2:55   5:11 
Nicolas Aube-Kubel       0  0  0   0  2   0  0  0  0  0  0/1     5:57   0:00   0:00 
Philipp Kurashev         0  0  0   0  2   1  2  1  0  0  0/0    22:33   2:55   5:15 
Riley Stillman           0  0  0  -1  6   0  0  0  0  0  0/0    11:19   0:00   0:00 
Sean Walker              0  0  0  -1  0   0  0  3  0  0  0/0    22:45   3:02   4:55 
Tyler Johnson            1  0  1  -1  0   2  0  0  0  0  5/20   11:38   0:00   0:00 
Zach Aston-Reese         0  0  0  -1  0   0  2  0  0  0  0/2    10:35   0:00   0:50 

3 Stars

1 - Nicholas Paul (KCK)
2 - Jake McCabe (CGY)
3 - Sonny Milano (CGY)

Power Play

CALGARY FIREMEN - 0 on 6 Attempt(s) - 0,00%
KANSAS CITY KILLERBEES - 0 on 3 Attempt(s) - 0,00%

Penalty Kill

CALGARY FIREMEN - 3 on 3 Attempt(s) - 100,00% - Score 0 goal in Penalty Kill
KANSAS CITY KILLERBEES - 6 on 6 Attempt(s) - 100,00% - Score 1 goal in Penalty Kill

Team Stat

CALGARY FIREMEN - Hits : 17 - Faceoff Wins : 44 - Blocked Shots : 5 - Penalty Minutes : 6
KANSAS CITY KILLERBEES - Hits : 17 - Faceoff Wins : 43 - Blocked Shots : 9 - Penalty Minutes : 12

Official

Referees : Peter MacDougall and Reid Anderson
Linesman : Michel Cormier and Kyle Flemington

Game Notes

No Game Note

Finance

Level 1 -- Attendance: 6500 (100,00%) -- Ticket Income 975 000 $
Level 2 -- Attendance: 4123 (77,79%) -- Ticket Income 494 760 $
Level 3 -- Attendance: 2314 (92,56%) -- Ticket Income 208 260 $
Level 4 -- Attendance: 4200 (100,00%) -- Ticket Income 210 000 $
Luxury Box -- Attendance: 960 (94,12%) -- Ticket Income 278 400 $
Game was played at the Missouri Beehive Complex.
Total Attendance: 18097 (92,71%)
Total Ticket Income: 2 166 420 $
Other Expense: 21 664 $
Total Income: 2 144 756 $

CALGARY FIREMEN

5 vs 5 Forward 
   Center                   Left Wing                Right Wing               Time % Phy DF OF 
 1 Filip Forsberg           Jakob Silfverberg        Mattias Janmark-Nylen    36     1   2  2  
 2 Ryan Johansen            Mason Marchment          Oskar Lindblom           31     1   2  2  
 3 Yakov Trenin             Sonny Milano             Liam Foudy               23     1   2  2  
 4 Brett Howden             Fabian Zetterlund        Michael McCarron         10     1   2  2  

5 vs 5 Defense 
   Defense                  Defense                                           Time % Phy DF OF 
 1 Jamie Oleksiak           Jake McCabe                                       36     1   2  2  
 2 Olli Maatta              Nikita Zadorov                                    31     1   2  2  
 3 Jordan Oesterle          Colton White                                      23     1   2  2  
 4 Jamie Oleksiak           Jake McCabe                                       10     1   2  2  

PowerPlay Forward 
   Center                   Left Wing                Right Wing               Time % Phy DF OF 
 1 Filip Forsberg           Jakob Silfverberg        Mattias Janmark-Nylen    55     1   2  2  
 2 Ryan Johansen            Mason Marchment          Oskar Lindblom           45     1   2  2  

PowerPlay Defense
   Defense                  Defense                                           Time % Phy DF OF 
 1 Jamie Oleksiak           Jake McCabe                                       55     1   2  2  
 2 Olli Maatta              Nikita Zadorov                                    45     1   2  2  

Penalty Kill 4 Players Forward 
   Center                   Wing                     Time % Phy DF OF 
 1 Filip Forsberg           Ryan Johansen            55     1   2  2  
 2 Jakob Silfverberg        Mason Marchment          45     1   2  2  

Penalty Kill 4 Players Defense
   Defense                  Defense                  Time % Phy DF OF 
 1 Jamie Oleksiak           Jake McCabe              55     1   2  2  
 2 Olli Maatta              Nikita Zadorov           45     1   2  2  

Penalty Kill - 3 Players Forward 
   Forward                                           Time % Phy DF OF 
 1 Filip Forsberg                                    55     1   2  2  
 2 Ryan Johansen                                     45     1   2  2  

Penalty Kill - 3 Players Defense
   Defense                  Defense                  Time % Phy DF OF 
 1 Jamie Oleksiak           Jake McCabe              55     1   2  2  
 2 Olli Maatta              Nikita Zadorov           45     1   2  2  

4 vs 4 Forward 
   Center                   Wing                     Time % Phy DF OF 
 1 Filip Forsberg           Ryan Johansen            55     1   2  2  
 2 Jakob Silfverberg        Mason Marchment          45     1   2  2  

4 vs 4 Defense
   Defense                  Defense                  Time % Phy DF OF 
 1 Jamie Oleksiak           Jake McCabe              55     1   2  2  
 2 Olli Maatta              Nikita Zadorov           45     1   2  2  

Last Minutes Offensive
   Center                   Left Wing                Right Wing               Defense                  Defense                  
   Filip Forsberg           Jakob Silfverberg        Mattias Janmark-Nylen    Jamie Oleksiak           Jake McCabe              

Last Minutes Defensive
   Center                   Left Wing                Right Wing               Defense                  Defense                  
   Filip Forsberg           Jakob Silfverberg        Mattias Janmark-Nylen    Jamie Oleksiak           Jake McCabe              

Goaltenders
Starting : Alex Nedeljkovic         
Backup : Samuel Ersson            

Extra Forwards
Normal : Yakov Trenin, Sonny Milano, Brett Howden - PP : Yakov Trenin, Sonny Milano - PK : Brett Howden
Extra Defensemen
Normal : Jordan Oesterle, Colton White, Olli Maatta - PP : Jordan Oesterle - PK : Colton White, Olli Maatta
Penalty Shots
Filip Forsberg, Ryan Johansen, Jakob Silfverberg, Mason Marchment, Mattias Janmark-Nylen
Custom OT Lines Forwards
Filip Forsberg, Ryan Johansen, Jakob Silfverberg, Mason Marchment, Mattias Janmark-Nylen, Yakov Trenin, Sonny Milano, Brett Howden, Fabian Zetterlund, Oskar Lindblom
Custom OT Lines Defensemen
Jamie Oleksiak, Jake McCabe, Olli Maatta, Nikita Zadorov, Jordan Oesterle

Scratches
John Hayden (Healthy)

KANSAS CITY KILLERBEES

5 vs 5 Forward 
   Center                   Left Wing                Right Wing               Time % Phy DF OF 
 1 Boone Jenner             James van Riemsdyk       Philipp Kurashev         36     1   2  2  
 2 Tyler Johnson            Nicholas Paul            Alexis Lafreniere        31     1   2  2  
 3 Morgan Barron            Zach Aston-Reese         Jakub Voracek            23     1   2  2  
 4 Jaret Anderson-Dolan     Anders Bjork             Nicolas Aube-Kubel       10     1   2  2  

5 vs 5 Defense 
   Defense                  Defense                                           Time % Phy DF OF 
 1 Mattias Ekholm           K'Andre Miller                                    36     1   2  2  
 2 Sean Walker              Jacob Muzzin                                      34     1   2  2  
 3 Riley Stillman           Daniel Walcott                                    22     1   2  2  
 4 Mattias Ekholm           K'Andre Miller                                    8      1   2  2  

PowerPlay Forward 
   Center                   Left Wing                Right Wing               Time % Phy DF OF 
 1 Boone Jenner             James van Riemsdyk       Alexis Lafreniere        55     1   2  2  
 2 Jakub Voracek            Nicholas Paul            Philipp Kurashev         45     1   2  2  

PowerPlay Defense
   Defense                  Defense                                           Time % Phy DF OF 
 1 Mattias Ekholm           K'Andre Miller                                    55     1   2  2  
 2 Sean Walker              Jacob Muzzin                                      45     1   2  2  

Penalty Kill 4 Players Forward 
   Center                   Wing                     Time % Phy DF OF 
 1 Boone Jenner             Philipp Kurashev         55     1   2  2  
 2 James van Riemsdyk       Nicholas Paul            45     1   2  2  

Penalty Kill 4 Players Defense
   Defense                  Defense                  Time % Phy DF OF 
 1 Mattias Ekholm           K'Andre Miller           55     1   2  2  
 2 Sean Walker              Jacob Muzzin             45     1   2  2  

Penalty Kill - 3 Players Forward 
   Forward                                           Time % Phy DF OF 
 1 Boone Jenner                                      55     1   2  2  
 2 James van Riemsdyk                                45     1   2  2  

Penalty Kill - 3 Players Defense
   Defense                  Defense                  Time % Phy DF OF 
 1 Mattias Ekholm           K'Andre Miller           55     1   2  2  
 2 Sean Walker              Jacob Muzzin             45     1   2  2  

4 vs 4 Forward 
   Center                   Wing                     Time % Phy DF OF 
 1 Boone Jenner             Philipp Kurashev         55     1   2  2  
 2 James van Riemsdyk       Nicholas Paul            45     1   2  2  

4 vs 4 Defense
   Defense                  Defense                  Time % Phy DF OF 
 1 Mattias Ekholm           K'Andre Miller           55     1   2  2  
 2 Sean Walker              Jacob Muzzin             45     1   2  2  

Last Minutes Offensive
   Center                   Left Wing                Right Wing               Defense                  Defense                  
   Boone Jenner             James van Riemsdyk       Nicholas Paul            Alexis Lafreniere        K'Andre Miller           

Last Minutes Defensive
   Center                   Left Wing                Right Wing               Defense                  Defense                  
   Boone Jenner             James van Riemsdyk       Philipp Kurashev         Mattias Ekholm           K'Andre Miller           

Goaltenders
Starting : Ilya Samsonov            
Backup : Cal Petersen             

Extra Forwards
Normal : Jakub Voracek, Morgan Barron, Zach Aston-Reese - PP : Jakub Voracek, Morgan Barron - PK : Zach Aston-Reese
Extra Defensemen
Normal : Riley Stillman, Daniel Walcott, Sean Walker - PP : Riley Stillman - PK : Daniel Walcott, Sean Walker
Penalty Shots
Boone Jenner, Alexis Lafreniere, James van Riemsdyk, Nicholas Paul, Philipp Kurashev
Custom OT Lines Forwards
Boone Jenner, Daniel Walcott, James van Riemsdyk, Nicholas Paul, Philipp Kurashev, Alexis Lafreniere, Jakub Voracek, Morgan Barron, Zach Aston-Reese, Jaret Anderson-Dolan
Custom OT Lines Defensemen
Mattias Ekholm, K'Andre Miller, Sean Walker, Jacob Muzzin, Riley Stillman

Scratches
None


% Time on Ice - CALGARY FIREMEN

Lines # - Real PCT - Wanted PCT - Time Play
Normal Forward
1 - 33% - 36% - 13:44
2 - 29% - 31% - 12:08
3 - 25% - 23% - 10:23
4 - 14% - 10% - 5:49
Normal Defense
1 - 36% - 36% - 15:11
2 - 32% - 31% - 13:22
3 - 30% - 23% - 12:44
4 - 2% - 10% - 0:47
PP Forward
1 - 54% - 55% - 6:29
2 - 46% - 45% - 5:25
PP Defense
1 - 51% - 55% - 6:06
2 - 49% - 45% - 5:48
PK Forward
1 - 63% - 55% - 3:46
2 - 37% - 45% - 2:11
PK Defense
1 - 54% - 55% - 3:13
2 - 46% - 45% - 2:44
PK3 Forward
1 - 0% - 55%
2 - 0% - 45%
PK3 Defense
1 - 0% - 55%
2 - 0% - 45%
44 Forward
1 - 0% - 55%
2 - 0% - 45%
44 Defense
1 - 0% - 55%
2 - 0% - 45%
Last Minute Offensive  - 0:00
Last Minute Defensive  - 0:05
Total
Forward - 60:00
Defense - 60:00

% Time on Ice - KANSAS CITY KILLERBEES

Lines # - Real PCT - Wanted PCT - Time Play
Normal Forward
1 - 34% - 36% - 14:24
2 - 28% - 31% - 11:38
3 - 23% - 23% - 9:45
4 - 14% - 10% - 5:58
Normal Defense
1 - 37% - 36% - 15:35
2 - 35% - 34% - 14:48
3 - 27% - 22% - 11:22
4 - 0% - 8% - 0:00
PP Forward
1 - 51% - 55% - 3:02
2 - 49% - 45% - 2:55
PP Defense
1 - 49% - 55% - 2:55
2 - 51% - 45% - 3:02
PK Forward
1 - 56% - 55% - 6:43
2 - 44% - 45% - 5:11
PK Defense
1 - 59% - 55% - 6:59
2 - 41% - 45% - 4:55
PK3 Forward
1 - 0% - 55%
2 - 0% - 45%
PK3 Defense
1 - 0% - 55%
2 - 0% - 45%
44 Forward
1 - 0% - 55%
2 - 0% - 45%
44 Defense
1 - 0% - 55%
2 - 0% - 45%
Last Minute Offensive  - 0:24
Last Minute Defensive  - 0:00
Total
Forward - 60:00
Defense - 60:00

Play-by-Play

1st period


0:01 of 1st period - Filip Forsberg wins face-off versus James van Riemsdyk in neutral zone.
0:03 of 1st period - Jakob Silfverberg is hit by Mattias Ekholm and loses puck.
0:29 of 1st period - Minor Penalty to Jamie Oleksiak for Roughing.
0:30 of 1st period - Filip Forsberg wins face-off versus Jakub Voracek in CALGARY FIREMEN zone.
1:06 of 1st period - Off-side.
1:07 of 1st period - Boone Jenner wins face-off versus Ryan Johansen in neutral zone.
1:37 of 1st period - Boone Jenner is hit by Jake McCabe and loses puck.
2:41 of 1st period - Yakov Trenin is hit by Daniel Walcott and loses puck.
3:18 of 1st period - Icing by Riley Stillman.
3:19 of 1st period - Ryan Johansen wins face-off versus Jaret Anderson-Dolan in KANSAS CITY KILLERBEES zone.
3:25 of 1st period - Mason Marchment is hit by Daniel Walcott and loses puck.
3:26 of 1st period - Minor Penalty to Riley Stillman for Roughing.
3:27 of 1st period - Boone Jenner wins face-off versus Filip Forsberg in KANSAS CITY KILLERBEES zone.
5:01 of 1st period - Shot by Boone Jenner.
5:01 of 1st period - Stopped by Alex Nedeljkovic without a rebound.
5:02 of 1st period - James van Riemsdyk wins face-off versus Ryan Johansen in CALGARY FIREMEN zone.
5:03 of 1st period - Shot by Nicholas Paul.
5:03 of 1st period - Goal by Nicholas Paul - CALGARY FIREMEN : 0 - KANSAS CITY KILLERBEES : 1.
5:04 of 1st period - Ryan Johansen wins face-off versus James van Riemsdyk in neutral zone.
5:42 of 1st period - Shot by Yakov Trenin.
5:42 of 1st period - Stopped by Ilya Samsonov without a rebound.
5:43 of 1st period - Brett Howden wins face-off versus Tyler Johnson in KANSAS CITY KILLERBEES zone.
6:10 of 1st period - Shot by Brett Howden.
6:10 of 1st period - Goal by Brett Howden - CALGARY FIREMEN : 1 - KANSAS CITY KILLERBEES : 1.
6:11 of 1st period - Boone Jenner wins face-off versus Ryan Johansen in neutral zone.
6:31 of 1st period - Ryan Johansen is hit by K'Andre Miller and loses puck.
6:39 of 1st period - Shot by Ryan Johansen.
6:39 of 1st period - Stopped by Ilya Samsonov without a rebound.
6:40 of 1st period - Yakov Trenin wins face-off versus Tyler Johnson in KANSAS CITY KILLERBEES zone.
7:13 of 1st period - Shot by Sonny Milano.
7:13 of 1st period - Deflect By Yakov Trenin.
7:13 of 1st period - Stopped by Ilya Samsonov with a rebound.
7:15 of 1st period - Shot by Yakov Trenin.
7:15 of 1st period - Deflect By Sonny Milano.
7:15 of 1st period - Shot Blocked by Sean Walker.
7:45 of 1st period - Shot by Mattias Janmark-Nylen.
7:45 of 1st period - Shot Blocked by Sean Walker.
7:47 of 1st period - Shot by Jakob Silfverberg.
7:47 of 1st period - Stopped by Ilya Samsonov without a rebound.
7:48 of 1st period - Boone Jenner wins face-off versus Ryan Johansen in KANSAS CITY KILLERBEES zone.
7:50 of 1st period - Minor Penalty to Ryan Johansen for Holding.
7:51 of 1st period - Boone Jenner wins face-off versus Filip Forsberg in CALGARY FIREMEN zone.
7:54 of 1st period - Shot by K'Andre Miller.
7:54 of 1st period - Stopped by Alex Nedeljkovic without a rebound.
7:55 of 1st period - Filip Forsberg wins face-off versus Jakub Voracek in CALGARY FIREMEN zone.
8:04 of 1st period - Shot by K'Andre Miller.
8:04 of 1st period - Stopped by Alex Nedeljkovic without a rebound.
8:05 of 1st period - Boone Jenner wins face-off versus Filip Forsberg in CALGARY FIREMEN zone.
8:06 of 1st period - Shot by K'Andre Miller.
8:06 of 1st period - Stopped by Alex Nedeljkovic without a rebound.
8:07 of 1st period - Boone Jenner wins face-off versus Filip Forsberg in CALGARY FIREMEN zone.
9:21 of 1st period - Shot by Philipp Kurashev.
9:21 of 1st period - Shot Misses the Net.
9:23 of 1st period - Shot by Jakub Voracek.
9:23 of 1st period - Shot Misses the Net.
9:52 of 1st period - Icing by Boone Jenner.
9:53 of 1st period - Liam Foudy wins face-off versus Nicolas Aube-Kubel in KANSAS CITY KILLERBEES zone.
10:04 of 1st period - Minor Penalty to Riley Stillman for Tripping.
10:05 of 1st period - Boone Jenner wins face-off versus Ryan Johansen in KANSAS CITY KILLERBEES zone.
10:44 of 1st period - Shot by Olli Maatta.
10:44 of 1st period - Deflect By Ryan Johansen.
10:44 of 1st period - Shot Misses the Net.
10:46 of 1st period - Shot by Olli Maatta.
10:46 of 1st period - Shot Misses the Net.
11:30 of 1st period - Shot by Filip Forsberg.
11:30 of 1st period - Stopped by Ilya Samsonov without a rebound.
11:31 of 1st period - Ryan Johansen wins face-off versus James van Riemsdyk in KANSAS CITY KILLERBEES zone.
11:34 of 1st period - Shot by Ryan Johansen.
11:34 of 1st period - Shot Misses the Net.
11:36 of 1st period - Shot by Olli Maatta.
11:36 of 1st period - Shot Misses the Net.
11:38 of 1st period - Shot by Mason Marchment.
11:38 of 1st period - Stopped by Ilya Samsonov without a rebound.
11:39 of 1st period - James van Riemsdyk wins face-off versus Filip Forsberg in KANSAS CITY KILLERBEES zone.
11:56 of 1st period - Shot by Jakob Silfverberg.
11:56 of 1st period - Stopped by Ilya Samsonov without a rebound.
11:57 of 1st period - Ryan Johansen wins face-off versus James van Riemsdyk in KANSAS CITY KILLERBEES zone.
11:58 of 1st period - Shot by Mason Marchment.
11:58 of 1st period - Shot Misses the Net.
12:00 of 1st period - Shot by Jamie Oleksiak.
12:00 of 1st period - Stopped by Ilya Samsonov without a rebound.
12:01 of 1st period - Ryan Johansen wins face-off versus Boone Jenner in KANSAS CITY KILLERBEES zone.
12:07 of 1st period - Minor Penalty to Riley Stillman for Roughing.
12:08 of 1st period - Ryan Johansen wins face-off versus Boone Jenner in KANSAS CITY KILLERBEES zone.
12:35 of 1st period - Shot by Mason Marchment.
12:35 of 1st period - Stopped by Ilya Samsonov without a rebound.
12:36 of 1st period - Boone Jenner wins face-off versus Filip Forsberg in KANSAS CITY KILLERBEES zone.
13:38 of 1st period - Shot by Ryan Johansen.
13:38 of 1st period - Stopped by Ilya Samsonov without a rebound.
13:39 of 1st period - Ryan Johansen wins face-off versus Boone Jenner in KANSAS CITY KILLERBEES zone.
14:02 of 1st period - Shot by Mason Marchment.
14:02 of 1st period - Shot Blocked by K'Andre Miller.
14:04 of 1st period - Shot by Jamie Oleksiak.
14:04 of 1st period - Stopped by Ilya Samsonov without a rebound.
14:05 of 1st period - Filip Forsberg wins face-off versus James van Riemsdyk in KANSAS CITY KILLERBEES zone.
14:23 of 1st period - Icing by Jordan Oesterle.
14:24 of 1st period - Yakov Trenin wins face-off versus Tyler Johnson in CALGARY FIREMEN zone.
14:24 of 1st period - Yakov Trenin is hit by Nicholas Paul.
14:39 of 1st period - Shot by Sonny Milano.
14:39 of 1st period - Stopped by Ilya Samsonov with a rebound.
14:43 of 1st period - Shot by Liam Foudy.
14:43 of 1st period - Shot Blocked by Jacob Muzzin.
14:45 of 1st period - Shot by Yakov Trenin.
14:45 of 1st period - Shot Misses the Net.
14:53 of 1st period - Shot by Sonny Milano.
14:53 of 1st period - Deflect By Yakov Trenin.
14:53 of 1st period - Shot Misses the Net.
15:30 of 1st period - Shot by Filip Forsberg.
15:30 of 1st period - Shot Misses the Net.
15:34 of 1st period - Shot by Jakob Silfverberg.
15:34 of 1st period - Shot Misses the Net.
15:36 of 1st period - Shot by Jamie Oleksiak.
15:36 of 1st period - Stopped by Ilya Samsonov without a rebound.
15:37 of 1st period - Ryan Johansen wins face-off versus Boone Jenner in KANSAS CITY KILLERBEES zone.
16:05 of 1st period - Shot by James van Riemsdyk.
16:05 of 1st period - Stopped by Alex Nedeljkovic with a rebound.
16:07 of 1st period - Shot by Mattias Ekholm.
16:07 of 1st period - Shot Misses the Net.
16:09 of 1st period - Shot by James van Riemsdyk.
16:09 of 1st period - Shot Blocked by Olli Maatta.
16:37 of 1st period - Shot by Fabian Zetterlund.
16:37 of 1st period - Stopped by Ilya Samsonov without a rebound.
16:38 of 1st period - Morgan Barron wins face-off versus Filip Forsberg in KANSAS CITY KILLERBEES zone.
16:47 of 1st period - Shot by Morgan Barron.
16:47 of 1st period - Shot Misses the Net.
17:09 of 1st period - Shot by Filip Forsberg.
17:09 of 1st period - Deflect By Jakob Silfverberg.
17:09 of 1st period - Shot Misses the Net.
17:19 of 1st period - Shot by Filip Forsberg.
17:19 of 1st period - Shot Misses the Net.
17:21 of 1st period - Shot by Jake McCabe.
17:21 of 1st period - Goal by Jake McCabe - CALGARY FIREMEN : 2 - KANSAS CITY KILLERBEES : 1.
17:22 of 1st period - Tyler Johnson wins face-off versus Yakov Trenin in neutral zone.
17:33 of 1st period - Shot by Nicholas Paul.
17:33 of 1st period - Stopped by Alex Nedeljkovic without a rebound.
17:34 of 1st period - Jaret Anderson-Dolan wins face-off versus Michael McCarron in CALGARY FIREMEN zone.
17:45 of 1st period - Olli Maatta is hit by K'Andre Miller and loses puck.
17:51 of 1st period - Fabian Zetterlund is hit by K'Andre Miller and loses puck.
17:55 of 1st period - Fabian Zetterlund is hit by K'Andre Miller.
18:24 of 1st period - Mattias Ekholm is hit by Jamie Oleksiak and loses puck.
18:33 of 1st period - Shot by Mason Marchment.
18:33 of 1st period - Stopped by Ilya Samsonov without a rebound.
18:34 of 1st period - Boone Jenner wins face-off versus Filip Forsberg in KANSAS CITY KILLERBEES zone.
18:57 of 1st period - Shot by Filip Forsberg.
18:57 of 1st period - Shot Blocked by Philipp Kurashev.
18:59 of 1st period - Shot by Mattias Janmark-Nylen.
18:59 of 1st period - Stopped by Ilya Samsonov without a rebound.
19:00 of 1st period - Ryan Johansen wins face-off versus Morgan Barron in KANSAS CITY KILLERBEES zone.
Goals for this period are 2 for CALGARY FIREMEN vs 1 for KANSAS CITY KILLERBEES.
Shots for this period are 18 for CALGARY FIREMEN vs 7 for KANSAS CITY KILLERBEES.

2nd period


0:01 of 2nd period - Boone Jenner wins face-off versus Filip Forsberg in neutral zone.
0:07 of 2nd period - Boone Jenner is hit by Jamie Oleksiak and loses puck.
0:30 of 2nd period - Shot by Boone Jenner.
0:30 of 2nd period - Stopped by Alex Nedeljkovic without a rebound.
0:31 of 2nd period - Ryan Johansen wins face-off versus Tyler Johnson in CALGARY FIREMEN zone.
0:40 of 2nd period - Shot by Mason Marchment.
0:40 of 2nd period - Stopped by Ilya Samsonov without a rebound.
0:41 of 2nd period - Yakov Trenin wins face-off versus Zach Aston-Reese in KANSAS CITY KILLERBEES zone.
1:16 of 2nd period - Shot by Yakov Trenin.
1:16 of 2nd period - Stopped by Ilya Samsonov without a rebound.
1:17 of 2nd period - Boone Jenner wins face-off versus Filip Forsberg in KANSAS CITY KILLERBEES zone.
1:17 of 2nd period - Boone Jenner is hit by Jakob Silfverberg.
1:22 of 2nd period - Off-side.
1:23 of 2nd period - Boone Jenner wins face-off versus Filip Forsberg in neutral zone.
1:52 of 2nd period - Shot by Boone Jenner.
1:52 of 2nd period - Deflect By James van Riemsdyk.
1:52 of 2nd period - Stopped by Alex Nedeljkovic without a rebound.
1:53 of 2nd period - Ryan Johansen wins face-off versus Tyler Johnson in CALGARY FIREMEN zone.
1:55 of 2nd period - Mason Marchment is hit by Alexis Lafreniere and loses puck.
2:08 of 2nd period - Tyler Johnson is hit by Oskar Lindblom and loses puck.
2:53 of 2nd period - Shot by Philipp Kurashev.
2:53 of 2nd period - Deflect By James van Riemsdyk.
2:53 of 2nd period - Stopped by Alex Nedeljkovic without a rebound.
2:54 of 2nd period - Filip Forsberg wins face-off versus Boone Jenner in CALGARY FIREMEN zone.
2:56 of 2nd period - Icing by Jakob Silfverberg.
2:57 of 2nd period - Boone Jenner wins face-off versus Mattias Janmark-Nylen in CALGARY FIREMEN zone.
3:13 of 2nd period - Icing by Jake McCabe.
3:14 of 2nd period - Morgan Barron wins face-off versus Filip Forsberg in CALGARY FIREMEN zone.
3:19 of 2nd period - Shot by Morgan Barron.
3:19 of 2nd period - Stopped by Alex Nedeljkovic without a rebound.
3:20 of 2nd period - Yakov Trenin wins face-off versus Boone Jenner in CALGARY FIREMEN zone.
3:53 of 2nd period - Mattias Ekholm is hit by Yakov Trenin and loses puck.
4:02 of 2nd period - Shot by Boone Jenner.
4:02 of 2nd period - Shot Blocked by Sonny Milano.
4:30 of 2nd period - Shot by Tyler Johnson.
4:30 of 2nd period - Shot Misses the Net.
4:32 of 2nd period - Shot by Tyler Johnson.
4:32 of 2nd period - Shot Misses the Net.
4:34 of 2nd period - Shot by Alexis Lafreniere.
4:34 of 2nd period - Stopped by Alex Nedeljkovic without a rebound.
4:35 of 2nd period - Ryan Johansen wins face-off versus Morgan Barron in CALGARY FIREMEN zone.
4:40 of 2nd period - Shot by Ryan Johansen.
4:40 of 2nd period - Deflect By Mason Marchment.
4:40 of 2nd period - Stopped by Ilya Samsonov without a rebound.
4:41 of 2nd period - Ryan Johansen wins face-off versus Tyler Johnson in KANSAS CITY KILLERBEES zone.
4:44 of 2nd period - Shot by Mason Marchment.
4:44 of 2nd period - Stopped by Ilya Samsonov without a rebound.
4:45 of 2nd period - Tyler Johnson wins face-off versus Filip Forsberg in KANSAS CITY KILLERBEES zone.
5:21 of 2nd period - Icing by Jamie Oleksiak.
5:22 of 2nd period - Boone Jenner wins face-off versus Filip Forsberg in CALGARY FIREMEN zone.
5:35 of 2nd period - Jamie Oleksiak is hit by Philipp Kurashev and loses puck.
6:16 of 2nd period - Boone Jenner is hit by Mason Marchment and loses puck.
6:39 of 2nd period - Shot by Ryan Johansen.
6:39 of 2nd period - Stopped by Ilya Samsonov without a rebound.
6:40 of 2nd period - Yakov Trenin wins face-off versus Morgan Barron in KANSAS CITY KILLERBEES zone.
6:40 of 2nd period - Sonny Milano is hit by Jacob Muzzin and loses puck.
6:43 of 2nd period - Shot by Liam Foudy.
6:43 of 2nd period - Stopped by Ilya Samsonov without a rebound.
6:44 of 2nd period - Morgan Barron wins face-off versus Yakov Trenin in KANSAS CITY KILLERBEES zone.
6:44 of 2nd period - Morgan Barron is hit by Yakov Trenin.
7:02 of 2nd period - Shot by Liam Foudy.
7:02 of 2nd period - Shot Blocked by Jacob Muzzin.
7:07 of 2nd period - Minor Penalty to Jacob Muzzin for Roughing.
7:08 of 2nd period - Boone Jenner wins face-off versus Ryan Johansen in KANSAS CITY KILLERBEES zone.
7:49 of 2nd period - Shot by Nikita Zadorov.
7:49 of 2nd period - Stopped by Ilya Samsonov without a rebound.
7:50 of 2nd period - James van Riemsdyk wins face-off versus Filip Forsberg in KANSAS CITY KILLERBEES zone.
7:50 of 2nd period - Nicholas Paul is hit by Filip Forsberg and loses puck.
9:05 of 2nd period - Shot by Mason Marchment.
9:05 of 2nd period - Deflect By Ryan Johansen.
9:05 of 2nd period - Stopped by Ilya Samsonov with a rebound.
9:32 of 2nd period - Shot by Sonny Milano.
9:32 of 2nd period - Stopped by Ilya Samsonov with a rebound.
9:48 of 2nd period - Yakov Trenin is hit by Zach Aston-Reese and loses puck.
11:24 of 2nd period - Shot by Nicholas Paul.
11:24 of 2nd period - Stopped by Alex Nedeljkovic without a rebound.
11:25 of 2nd period - Ryan Johansen wins face-off versus Morgan Barron in CALGARY FIREMEN zone.
11:54 of 2nd period - Shot by Mason Marchment.
11:54 of 2nd period - Stopped by Ilya Samsonov without a rebound.
11:55 of 2nd period - James van Riemsdyk wins face-off versus Filip Forsberg in KANSAS CITY KILLERBEES zone.
11:55 of 2nd period - James van Riemsdyk is hit by Filip Forsberg.
12:40 of 2nd period - Boone Jenner is hit by Colton White.
12:54 of 2nd period - Shot by Alexis Lafreniere.
12:54 of 2nd period - Deflect By Tyler Johnson.
12:54 of 2nd period - Stopped by Alex Nedeljkovic without a rebound.
12:55 of 2nd period - Ryan Johansen wins face-off versus Tyler Johnson in CALGARY FIREMEN zone.
13:00 of 2nd period - Shot by Mason Marchment.
13:00 of 2nd period - Stopped by Ilya Samsonov without a rebound.
13:01 of 2nd period - Ryan Johansen wins face-off versus Tyler Johnson in KANSAS CITY KILLERBEES zone.
13:39 of 2nd period - Shot by Nicholas Paul.
13:39 of 2nd period - Shot Misses the Net.
14:15 of 2nd period - Shot by Jakob Silfverberg.
14:15 of 2nd period - Stopped by Ilya Samsonov without a rebound.
14:16 of 2nd period - Boone Jenner wins face-off versus Yakov Trenin in KANSAS CITY KILLERBEES zone.
14:20 of 2nd period - Icing by Philipp Kurashev.
14:21 of 2nd period - Boone Jenner wins face-off versus Filip Forsberg in KANSAS CITY KILLERBEES zone.
14:21 of 2nd period - Philipp Kurashev is hit by Filip Forsberg.
14:28 of 2nd period - Jakob Silfverberg is hit by Jacob Muzzin and loses puck.
14:41 of 2nd period - Shot by Filip Forsberg.
14:41 of 2nd period - Shot Misses the Net.
15:15 of 2nd period - Jordan Oesterle is hit by Philipp Kurashev and loses puck.
15:53 of 2nd period - Yakov Trenin is hit by Zach Aston-Reese and loses puck.
16:47 of 2nd period - Shot by Nicholas Paul.
16:47 of 2nd period - Shot Misses the Net.
17:48 of 2nd period - Shot by Jaret Anderson-Dolan.
17:48 of 2nd period - Shot Blocked by Jamie Oleksiak.
17:50 of 2nd period - Shot by Jaret Anderson-Dolan.
17:50 of 2nd period - Stopped by Alex Nedeljkovic without a rebound.
17:51 of 2nd period - Brett Howden wins face-off versus Morgan Barron in CALGARY FIREMEN zone.
17:57 of 2nd period - Icing by Mattias Ekholm.
17:58 of 2nd period - Brett Howden wins face-off versus Morgan Barron in KANSAS CITY KILLERBEES zone.
19:36 of 2nd period - Icing by Colton White.
19:37 of 2nd period - Tyler Johnson wins face-off versus Filip Forsberg in CALGARY FIREMEN zone.
19:41 of 2nd period - Nicholas Paul is hit by Colton White and loses puck.
19:42 of 2nd period - Minor Penalty to Jordan Oesterle for Roughing.
19:43 of 2nd period - Boone Jenner wins face-off versus Filip Forsberg in CALGARY FIREMEN zone.
Goals for this period are 0 for CALGARY FIREMEN vs 0 for KANSAS CITY KILLERBEES.
Shots for this period are 12 for CALGARY FIREMEN vs 8 for KANSAS CITY KILLERBEES.

3rd period


0:01 of 3rd period - Boone Jenner wins face-off versus Filip Forsberg in neutral zone.
0:20 of 3rd period - Shot by James van Riemsdyk.
0:20 of 3rd period - Shot Misses the Net.
0:39 of 3rd period - Shot by Boone Jenner.
0:39 of 3rd period - Shot Misses the Net.
1:03 of 3rd period - Off-side.
1:04 of 3rd period - Jakub Voracek wins face-off versus Jakob Silfverberg in neutral zone.
1:15 of 3rd period - Shot by Philipp Kurashev.
1:15 of 3rd period - Shot Misses the Net.
1:47 of 3rd period - Shot by Anders Bjork.
1:47 of 3rd period - Shot Blocked by Jordan Oesterle.
1:49 of 3rd period - Shot by Daniel Walcott.
1:49 of 3rd period - Shot Blocked by Colton White.
2:13 of 3rd period - Shot by Jaret Anderson-Dolan.
2:13 of 3rd period - Stopped by Alex Nedeljkovic with a rebound.
2:40 of 3rd period - Icing by James van Riemsdyk.
2:41 of 3rd period - Boone Jenner wins face-off versus Filip Forsberg in KANSAS CITY KILLERBEES zone.
3:03 of 3rd period - Minor Penalty to Philipp Kurashev for Hooking.
3:04 of 3rd period - Ryan Johansen wins face-off versus Zach Aston-Reese in KANSAS CITY KILLERBEES zone.
3:59 of 3rd period - Shot by Jake McCabe.
3:59 of 3rd period - Shot Misses the Net.
5:10 of 3rd period - Fabian Zetterlund is hit by Daniel Walcott and loses puck.
5:35 of 3rd period - Icing by Jordan Oesterle.
5:36 of 3rd period - Brett Howden wins face-off versus Alexis Lafreniere in CALGARY FIREMEN zone.
5:42 of 3rd period - Tyler Johnson is hit by Colton White and loses puck.
7:37 of 3rd period - Shot by Zach Aston-Reese.
7:37 of 3rd period - Shot Misses the Net.
7:39 of 3rd period - Shot by Jakub Voracek.
7:39 of 3rd period - Stopped by Alex Nedeljkovic without a rebound.
7:40 of 3rd period - Filip Forsberg wins face-off versus Tyler Johnson in CALGARY FIREMEN zone.
8:17 of 3rd period - Off-side.
8:18 of 3rd period - Yakov Trenin wins face-off versus James van Riemsdyk in neutral zone.
8:21 of 3rd period - Shot by Olli Maatta.
8:21 of 3rd period - Shot Misses the Net.
8:42 of 3rd period - Shot by Boone Jenner.
8:42 of 3rd period - Shot Misses the Net.
8:44 of 3rd period - Shot by Boone Jenner.
8:44 of 3rd period - Stopped by Alex Nedeljkovic without a rebound.
8:45 of 3rd period - Ryan Johansen wins face-off versus Morgan Barron in CALGARY FIREMEN zone.
9:14 of 3rd period - Shot by Mason Marchment.
9:14 of 3rd period - Shot Misses the Net.
9:36 of 3rd period - Shot by Jakob Silfverberg.
9:36 of 3rd period - Shot Blocked by Sean Walker.
10:28 of 3rd period - Shot by Yakov Trenin.
10:28 of 3rd period - Shot Misses the Net.
10:38 of 3rd period - Shot by Boone Jenner.
10:38 of 3rd period - Shot Misses the Net.
10:40 of 3rd period - Shot by Boone Jenner.
10:40 of 3rd period - Shot Misses the Net.
10:42 of 3rd period - Shot by Mattias Ekholm.
10:42 of 3rd period - Stopped by Alex Nedeljkovic without a rebound.
10:43 of 3rd period - Brett Howden wins face-off versus Tyler Johnson in CALGARY FIREMEN zone.
11:11 of 3rd period - Icing by Riley Stillman.
11:12 of 3rd period - Ryan Johansen wins face-off versus Tyler Johnson in KANSAS CITY KILLERBEES zone.
11:51 of 3rd period - Shot by Philipp Kurashev.
11:51 of 3rd period - Stopped by Alex Nedeljkovic without a rebound.
11:52 of 3rd period - Jaret Anderson-Dolan wins face-off versus Filip Forsberg in CALGARY FIREMEN zone.
12:07 of 3rd period - Filip Forsberg is hit by Mattias Ekholm and loses puck.
12:39 of 3rd period - Minor Penalty to Nicolas Aube-Kubel for Interference.
12:40 of 3rd period - Mason Marchment wins face-off versus Boone Jenner in KANSAS CITY KILLERBEES zone.
12:59 of 3rd period - Shot by Olli Maatta.
12:59 of 3rd period - Stopped by Ilya Samsonov without a rebound.
13:00 of 3rd period - Boone Jenner wins face-off versus Ryan Johansen in KANSAS CITY KILLERBEES zone.
13:27 of 3rd period - Jacob Muzzin is hit by Ryan Johansen and loses puck.
13:39 of 3rd period - Icing by Nikita Zadorov.
13:40 of 3rd period - Boone Jenner wins face-off versus Filip Forsberg in CALGARY FIREMEN zone.
14:11 of 3rd period - Shot by Jakob Silfverberg.
14:11 of 3rd period - Shot Misses the Net.
14:50 of 3rd period - Shot by Yakov Trenin.
14:50 of 3rd period - Shot Blocked by Daniel Walcott.
14:57 of 3rd period - Off-side.
14:58 of 3rd period - Tyler Johnson wins face-off versus Brett Howden in neutral zone.
15:02 of 3rd period - Icing by Jake McCabe.
15:03 of 3rd period - Brett Howden wins face-off versus Boone Jenner in CALGARY FIREMEN zone.
15:12 of 3rd period - Shot by Brett Howden.
15:12 of 3rd period - Stopped by Ilya Samsonov without a rebound.
15:13 of 3rd period - Tyler Johnson wins face-off versus Ryan Johansen in KANSAS CITY KILLERBEES zone.
15:28 of 3rd period - Shot by Tyler Johnson.
15:28 of 3rd period - Deflect By Alexis Lafreniere.
15:28 of 3rd period - Stopped by Alex Nedeljkovic without a rebound.
15:29 of 3rd period - Boone Jenner wins face-off versus Yakov Trenin in CALGARY FIREMEN zone.
15:52 of 3rd period - Shot by James van Riemsdyk.
15:52 of 3rd period - Shot Misses the Net.
15:54 of 3rd period - Shot by Boone Jenner.
15:54 of 3rd period - Stopped by Alex Nedeljkovic without a rebound.
15:55 of 3rd period - Ryan Johansen wins face-off versus Tyler Johnson in CALGARY FIREMEN zone.
16:20 of 3rd period - Shot by Tyler Johnson.
16:20 of 3rd period - Goal by Tyler Johnson - CALGARY FIREMEN : 2 - KANSAS CITY KILLERBEES : 2.
16:21 of 3rd period - Boone Jenner wins face-off versus Filip Forsberg in neutral zone.
16:38 of 3rd period - Boone Jenner is hit by Jamie Oleksiak.
16:58 of 3rd period - Shot by Jakob Silfverberg.
16:58 of 3rd period - Shot Misses the Net.
17:28 of 3rd period - Shot by Mason Marchment.
17:28 of 3rd period - Shot Misses the Net.
17:30 of 3rd period - Shot by Olli Maatta.
17:30 of 3rd period - Stopped by Ilya Samsonov without a rebound.
17:31 of 3rd period - Yakov Trenin wins face-off versus Tyler Johnson in KANSAS CITY KILLERBEES zone.
17:32 of 3rd period - Shot by Sonny Milano.
17:32 of 3rd period - Goal by Sonny Milano - CALGARY FIREMEN : 3 - KANSAS CITY KILLERBEES : 2.
17:33 of 3rd period - Yakov Trenin wins face-off versus Tyler Johnson in neutral zone.
17:36 of 3rd period - Shot by Yakov Trenin.
17:36 of 3rd period - Stopped by Ilya Samsonov without a rebound.
17:37 of 3rd period - Ryan Johansen wins face-off versus Tyler Johnson in KANSAS CITY KILLERBEES zone.
17:40 of 3rd period - Shot by Ryan Johansen.
17:40 of 3rd period - Stopped by Ilya Samsonov with a rebound.
17:46 of 3rd period - Shot by Mason Marchment.
17:46 of 3rd period - Shot Misses the Net.
17:48 of 3rd period - Shot by Olli Maatta.
17:48 of 3rd period - Stopped by Ilya Samsonov with a rebound.
17:50 of 3rd period - Shot by Nikita Zadorov.
17:50 of 3rd period - Shot Misses the Net.
17:52 of 3rd period - Shot by Nikita Zadorov.
17:52 of 3rd period - Shot Misses the Net.
18:02 of 3rd period - Shot by Mason Marchment.
18:02 of 3rd period - Stopped by Ilya Samsonov without a rebound.
18:03 of 3rd period - Morgan Barron wins face-off versus Filip Forsberg in KANSAS CITY KILLERBEES zone.
18:33 of 3rd period - Shot by Jakob Silfverberg.
18:33 of 3rd period - Shot Misses the Net.
18:35 of 3rd period - Shot by Jakob Silfverberg.
18:35 of 3rd period - Shot Blocked by Daniel Walcott.
18:37 of 3rd period - Shot by Jamie Oleksiak.
18:37 of 3rd period - Stopped by Ilya Samsonov with a rebound.
18:39 of 3rd period - Shot by Mattias Janmark-Nylen.
18:39 of 3rd period - Stopped by Ilya Samsonov without a rebound.
18:40 of 3rd period - Boone Jenner wins face-off versus Ryan Johansen in KANSAS CITY KILLERBEES zone.
18:59 of 3rd period - Shot by Ryan Johansen.
18:59 of 3rd period - Shot Misses the Net.
19:07 of 3rd period - KANSAS CITY KILLERBEES, Ilya Samsonov is pulled from the net.
19:07 of 3rd period - Shot by James van Riemsdyk.
19:07 of 3rd period - Shot Misses the Net.
19:38 of 3rd period - Icing by Olli Maatta.
19:39 of 3rd period - Ryan Johansen wins face-off versus Boone Jenner in CALGARY FIREMEN zone.
19:57 of 3rd period - Icing by K'Andre Miller.
19:58 of 3rd period - Ilya Samsonov from KANSAS CITY KILLERBEES was sent back in the game.
19:58 of 3rd period - Boone Jenner wins face-off versus Filip Forsberg in KANSAS CITY KILLERBEES zone.
19:58 of 3rd period - Boone Jenner is hit by Jakob Silfverberg.
Goals for this period are 1 for CALGARY FIREMEN vs 1 for KANSAS CITY KILLERBEES.
Shots for this period are 10 for CALGARY FIREMEN vs 8 for KANSAS CITY KILLERBEES.


BLAKE
WHEELER
STEVEN
STAMKOS
DREW
DOUGHTY

EAST COAST

HOCKEY LEAGUE

  • 63.RHI2PIT5
  • 64.WOR4ATL3
  • 65.QUECHW
  • 66.CHATRV